 Dungeon Crawl Stone Soup version 0.24.0-10-g970556be89 (console) character file.

Game seed: 4853336169160244087, levelgen mode: deterministic

575 AlterAsc the Ruffian (level 7, -22/55 HPs)
             Began as a Demonspawn Gladiator on Nov 4, 2019.
             Annihilated by an ogre
             ... wielding a cursed -3 giant club
              (27 damage)
             ... on level 5 of the Dungeon.
             The game lasted 00:11:36 (3784 turns).

AlterAsc the Ruffian (Demonspawn Gladiator)         Turns: 3784, Time: 00:11:37

Health: -22/55     AC: 12    Str: 16    XL:     7   Next: 12%
Magic:  7/7        EV: 12    Int: 10    God:
Gold:   268        SH:  0    Dex: 14    Spells: 6/6 levels left

rFire    . . .     SeeInvis .     - Unarmed
rCold    . . .     Gourm    .   (no shield)
rNeg     . . .     Faith    .   m - +0 ring mail
rPois    .         Spirit   .   (helmet restricted)
rElec    .         Reflect  .   o - +0 cloak
rCorr    .         Harm     .   (no gloves)
MR       .....                  (no boots)
Stlth    +.........             (no amulet)
HPRegen  0.18/turn              (no ring)
MPRegen  0.10/turn              (no ring)

@: sanguine armour
A: horns 2, powered by death 1, sanguine armour 1
a: no special abilities


You were on level 5 of the Dungeon.
You were not hungry.

You visited 1 branch of the dungeon, and saw 5 of its levels.
You also visited: Sewer.

You collected 268 gold pieces.

Inventory:

Missiles
 c - 3 throwing nets (quivered)
Armour
 a - a +0 leather armour
 b - a +0 helmet
 m - a +0 ring mail (worn)
 o - a +0 cloak (worn)
Jewellery
 k - an uncursed amulet of harm
 n - an uncursed ring of fire
 A - an uncursed ring of protection from fire {unknown}
Wands
 v - a wand of polymorph (10)
 w - a wand of random effects (8)
 B - a wand of iceblast (7)
Scrolls
 f - 7 scrolls of teleportation {unknown}
 g - 5 scrolls of identify {unknown}
 h - 2 scrolls of blinking {unknown}
 i - a scroll of fog {unknown}
 r - 2 scrolls of amnesia {unknown}
 t - 3 scrolls of fear {unknown}
 x - a scroll of enchant weapon {unknown}
 y - a scroll of enchant armour {unknown}
 z - a scroll of noise {unknown}
 C - 3 scrolls of remove curse {unknown}
Potions
 e - 5 potions of lignification {unknown}
 j - 2 potions of might {unknown}
 l - a potion of curing {unknown}
 q - a potion of haste {unknown}
 s - 5 potions of heal wounds {unknown}
 u - a potion of degeneration {unknown}
Comestibles
 d - 13 rations


   Skills:
 + Level 4.7 Fighting
 - Level 1.7 Throwing
 - Level 2.8 Dodging
 * Level 6.2 Unarmed Combat


You had 6 spell levels left.
You didn't know any spells.
Your spell library was empty.

Dungeon Overview and Level Annotations

Branches:
Dungeon (5/15)              Sewer (visited)
 Temple: D:4-7

Altars:
Dithmenos
Elyvilon
Makhleb
Ru
Trog
Yredelemnul


Innate Abilities, Weirdness & Mutations

You have a pair of horns on your head.
You regenerate a little health from kills.
When seriously injured, your bleeding wounds create armour. (AC +6)


Message History

The ogre hits you with a cursed -3 giant club!
Your blood congeals into armour.
You are too injured to fight recklessly!
You hit the ogre. You headbutt the ogre.
The ogre is heavily wounded.
An ice beast comes into view.
You hit the ogre but do no damage.
The ogre is heavily wounded.
The ogre hits you with a cursed -3 giant club!!
* * * LOW HITPOINT WARNING * * *
You punch the ogre!
The ogre is severely wounded.
The ogre misses you.
You hit the ogre.
The ogre is severely wounded.
You hit the ogre.
You headbutt the ogre, but do no damage.
The ogre is almost dead.
The ogre hits you with a cursed -3 giant club!!
You die...

.... .. ....
...# #
#..###..## . #.
#...#....#
..##.##........#
...............#
...............#
.......@.......#
........O##....#
.##........##..#
#.........#..#
#............#
#.Y......##.##
#............#
#....###.##...#
..... #..##..#


You could see an ice beast and an ogre.

Vanquished Creatures
  Purgy (Sewer)
  An ogre (D:4)
  Blork the orc (D:4)
  A crimson imp (D:3)
  3 worker ants
  Robin (D:3)
  9 adders
  2 worms
  2 dart slugs
  7 leopard geckos
  3 orcs
  10 bats
  12 giant cockroaches
  9 goblins
  11 hobgoblins
  11 jackals
  15 kobolds
  2 quokkas
  A ball python (D:4)
  4 frilled lizards
  A jackal skeleton (D:4)
  10 rats
  A spectral orc (D:3)
118 creatures vanquished.

Notes
Turn   | Place    | Note
-------+----------+-------------------------------------------
     0 | D:1      | AlterAsc the Demonspawn Gladiator began the quest for the
                  | Orb.
     0 | D:1      | Reached XP level 1. HP: 16/16 MP: 1/1
   226 | D:1      | Reached skill level 3 in Unarmed Combat
   233 | D:1      | Gained mutation: You have a pair of small horns on your
                  | head. [demonic ancestry]
   233 | D:1      | Reached XP level 2. HP: 14/22 MP: 2/2
   571 | D:1      | Gained mutation: When seriously injured, your bleeding
                  | wounds create armour. (AC +6) [demonic ancestry]
   571 | D:1      | Reached XP level 3. HP: 24/28 MP: 3/3
  1476 | D:2      | Gained mutation: You have a pair of horns on your head.
                  | [demonic ancestry]
  1476 | D:2      | Reached XP level 4. HP: 24/34 MP: 4/4
  1745 | D:2      | Reached skill level 4 in Unarmed Combat
  1979 | D:2      | Found a bloodstained altar of Trog.
  2256 | D:3      | Gained mutation: You regenerate a little health from kills.
                  | [demonic ancestry]
  2256 | D:3      | Reached XP level 5. HP: 32/41 MP: 5/5
  2351 | D:3      | Found a sacrificial altar of Ru.
  2453 | D:3      | Noticed Robin
  2479 | D:3      | Killed Robin
  2619 | D:3      | Found a basalt altar of Yredelemnul.
  2847 | D:4      | Reached skill level 5 in Unarmed Combat
  2896 | D:4      | Noticed an ogre
  2918 | D:4      | Killed an ogre
  2918 | D:4      | Reached XP level 6. HP: 44/48 MP: 6/6
  2928 | D:4      | Found a burning altar of Makhleb.
  2928 | D:4      | Noticed Blork the orc
  2942 | D:4      | Killed Blork the orc
  3025 | D:4      | Found a glowing drain.
  3068 | Sewer    | Entered a sewer
  3082 | Sewer    | Noticed Purgy
  3090 | Sewer    | Killed Purgy
  3090 | Sewer    | Reached skill level 6 in Unarmed Combat
  3202 | Sewer    | Reached XP level 7. HP: 54/55 MP: 7/7
  3258 | D:4      | Found a white marble altar of Elyvilon.
  3416 | D:4      | Found a shadowy altar of Dithmenos.
  3499 | D:5      | Entered Level 5 of the Dungeon
  3784 | D:5      | Annihilated by an ogre

Levels and vault maps discovered:
D:1:      erik_arrival_triangle_medium, layout_basic, minmay_vboxes
D:2:      layout_basic, minivault_4, trog_butcher_becter
D:3:      layout_basic, yredelemnul_forgotten_temple_becter,
          overflow_temple_1_default, first_ration, uniq_robin
D:4:      layout_basic, elyvilon_altar_4, lemuel_round_altar,
          lemuel_round_altar, gup_sewer_entry_glass, glass_columns_b,
          uniq_blork_the_orc
D:5:      layout_cave_pools, lemuel_temple_firewalk_b, basic_altar,
          hangedman_abyss_or_decor_passed, kennysheep_slug_shrine

Skill      XL: |  1  2  3  4  5  6 |
---------------+-------------------+-----
Unarmed Combat | 3 4 5 6 |  6.2
Fighting       | 3 4 |  4.7
Throwing       | |  1.7
Dodging        | |  2.8

Action                   |  1- 3 |  4- 6 |  7- 9 || total
-------------------------+-------+-------+-------++-------
Melee: Unarmed           |   159 |   256 |    26 ||   441
       Headbutt          |    18 |    47 |     9 ||    74
       Punch             |     1 |     5 |       ||     6
  Eat: Chunk             |     2 |     6 |     2 ||    10
Armor: Leather armour    |    14 |       |       ||    14
       Ring mail         |    33 |    92 |     4 ||   129
Dodge: Dodged            |    90 |   124 |    11 ||   225
